 Dungeon Crawl Stone Soup version 0.22.1-2-g9c5b331383 (webtiles) character file.

36 Ihlosi the Sneak (level 3, 0/20 HPs)
             Began as a Kobold Enchanter on Dec 29, 2018.
             Slain by a frilled lizard (1 damage)
             ... on level 1 of the Dungeon.
             The game lasted 00:03:23 (1277 turns).

Ihlosi the Sneak (Kobold Enchanter)                 Turns: 1277, Time: 00:03:24

Health: 0/20       AC:  3    Str: 10    XL:     3   Next: 57%
Magic:  1/6        EV: 15    Int: 17    God:
Gold:   47         SH:  0    Dex: 15    Spells: 4/7 levels left

rFire    . . .     SeeInvis .   a - +1 dagger (protect)
rCold    . . .     Gourm    .   (shield restricted)
rNeg     . . .     Faith    .   b - +0 robe
rPois    .         Spirit   .   e - +0 helmet
rElec    .         Reflect  .   (no cloak)
rCorr    .         Harm     .   (no gloves)
MR       .....                  (no boots)
Stlth    +++.......             c - amulet of rage
HPRegen  0.06/turn              (no ring)
MPRegen  0.10/turn              (no ring)

@: mighty, lethally poisoned (0 -> -10)
A: small, carnivore
a: Evoke Berserk Rage


You were on level 1 of the Dungeon.
You were full.

You visited 1 branch of the dungeon, and saw 2 of its levels.

You collected 47 gold pieces.

Inventory:

Hand Weapons
 a - a +1 dagger of protection (weapon)
 j - a +1 dagger
Armour
 b - a +0 robe (worn)
 e - a +0 helmet (worn)
Jewellery
 c - an amulet of rage (around neck)
Scrolls
 f - a scroll of identify {unknown}
 h - 2 scrolls of teleportation {unknown}
 i - 3 scrolls of enchant weapon {unknown}
 k - a scroll of immolation {unknown}
Comestibles
 d - 5 rations


   Skills:
 * Level 0.3 Fighting
 * Level 1.8 Short Blades
 * Level 0.2 Armour
 * Level 2.8 Dodging
 * Level 4.4 Stealth
 * Level 2.6 Spellcasting
 * Level 3.1 Hexes
 * Level 1.0 Evocations


You had 4 spell levels left.
You knew the following spells:

 Your Spells              Type           Power        Failure   Level  Hunger
a - Corona                Hex            ##.....      4%          1    #......
b - Ensorcelled Hibernat  Hex/Ice        #.....       14%         2    ##.....

Your spell library contained the following spells:

 Spells                   Type           Power        Failure   Level  Hunger
 Confuse                  Hex            ##......     14%         3    ###....
 Tukima's Dance           Hex            ##......     14%         3    ###....
 Dazzling Spray           Conj/Hex       #.....       28%         3    ###....


Dungeon Overview and Level Annotations

Branches:
Dungeon (2/15)

Altars:


Innate Abilities, Weirdness & Mutations

You are small and have problems with some larger weapons.
You are carnivorous and can eat meat at any time.


Message History

It was a potion of might.
You feel very mighty all of a sudden.
* * * LOW HITPOINT WARNING * * *
You feel sick. The frilled lizard barely misses you.
You barely miss the frilled lizard.
* * * LOW HITPOINT WARNING * * *
You feel sick.
You barely miss the frilled lizard.
* * * LOW HITPOINT WARNING * * *
You feel sick. The frilled lizard barely misses you.
Unknown command.
You closely miss the frilled lizard.
* * * LOW HITPOINT WARNING * * *
You feel sick. The frilled lizard misses you.
You miss the frilled lizard.
The frilled lizard completely misses you.
You completely miss the frilled lizard.
* * * LOW HITPOINT WARNING * * *
You feel sick. The frilled lizard bites you.
You die...

####...##..##.####
#...###.##.#
########### #..#.# #
#....# ##.#.# # #....#
#...# # #....# ##..# #
#....# #..#
#####....##########..#
'...'....'......@l..>#
#####....#############
# #....# ######


You could see a frilled lizard.

Vanquished Creatures
  An adder (D:1)
  A dart slug (D:1)
  A leopard gecko (D:1)
  3 giant cockroaches (D:1)
  6 goblins (D:1)
  A hobgoblin (D:1)
  A ball python (D:1)
  4 bats (D:1)
  A frilled lizard (D:1)
  3 kobolds (D:1)
  2 rats (D:1)
24 creatures vanquished.

Notes
Turn   | Place    | Note
-------+----------+-------------------------------------------
     0 | D:1      | Ihlosi the Kobold Enchanter began the quest for the Orb.
     0 | D:1      | Reached XP level 1. HP: 10/10 MP: 3/3
   281 | D:1      | Reached XP level 2. HP: 15/15 MP: 5/5
   294 | D:1      | Learned a level 2 spell: Ensorcelled Hibernation
   654 | D:1      | Reached XP level 3. HP: 19/19 MP: 6/6
  1271 | D:1      | Reached skill level 1 in Evocations
  1277 | D:1      | HP: 1/20 [poisoned by an adder]
  1277 | D:1      | Slain by a frilled lizard

Skill      XL: |  1  2  3 |
---------------+----------+-----
Evocations     | 1 |  1.0
Fighting       | |  0.3
Short Blades   | |  1.8
Armour         | |  0.2
Dodging        | |  2.8
Stealth        | |  4.4
Spellcasting   | |  2.6
Hexes          | |  3.1

Action                   || total
-------------------------++-------
Melee: Dagger            ||   120
 Cast: Ensorcelled Hiber ||     4
  Use: Potion            ||     2
 Stab: Sleeping          ||     8
  Eat: Chunk             ||     7
Armor: Robe              ||    28
Dodge: Dodged            ||    97
